 Dungeon Crawl Stone Soup version 0.25-a0-667-gb977e01cb5 (webtiles) character file.

Game seed: 6057015274800060589, levelgen mode: deterministic

84 Conn the Skirmisher (level 4, -6/50 HPs)
             Began as an Ogre Berserker on Mar 27, 2020.
             Was a Believer of Trog.
             Mangled by a gnoll shaman
             ... wielding a +0 whip
              (7 damage)
             ... on level 3 of the Dungeon.
             The game lasted 00:04:24 (1198 turns).

Conn the Skirmisher (Ogre Berserker)                Turns: 1198, Time: 00:04:25

Health: -6/50      AC:  3    Str: 22    XL:     4   Next: 46%
Magic:  4/4        EV: 10    Int:  8    God:    Trog [**....]
Gold:   19         SH:  0    Dex:  8    Spells: 3/3 levels left

rFire    . . .     SeeInvis .   a - +0 hand axe
rCold    . . .     Gourm    .   (no shield)
rNeg     . . .     Faith    .   b - +0 animal skin
rPois    .         Spirit   .   (helmet restricted)
rElec    .         Reflect  .   (no cloak)
rCorr    .         Harm     .   (gloves unavailable)
MR       ++...                  (boots unavailable)
Stlth    +.........             (no amulet)
HPRegen  1.16/turn              (no ring)
MPRegen  0.09/turn              (no ring)

@: berserk cooldown, regenerating, hasted and slowed
A: large, unfitting armour, tough skin 1
a: Berserk, Trog's Hand, Renounce Religion


You were on level 3 of the Dungeon.
You worshipped Trog.
Trog was pleased with you.
You were very hungry.

You visited 1 branch of the dungeon, and saw 3 of its levels.

You collected 19 gold pieces.

Inventory:

Hand Weapons
 a - a +0 hand axe (weapon)
 p - a +0 long sword
Missiles
 k - 17 sling bullets
Armour
 b - a +0 animal skin (worn)
Jewellery
 n - an uncursed amulet of guardian spirit {unknown}
Scrolls
 d - 2 scrolls of identify {unknown}
 g - a scroll of immolation {unknown}
 h - a scroll of enchant armour {unknown}
 j - a scroll of remove curse {unknown}
 m - a scroll of teleportation {unknown}
 o - a scroll of blinking {unknown}
Potions
 i - a potion of curing
 l - a potion of lignification {unknown}
Comestibles
 c - 6 rations


   Skills:
 + Level 5.0 Fighting
 + Level 3.8 Axes
 + Level 3.4 Dodging


You had 3 spell levels left.
You didn't know any spells.
Your spell library was empty.

Dungeon Overview and Level Annotations

Branches:
Dungeon (3/15)

Altars:


Innate Abilities, Weirdness & Mutations

You are too large for most types of armour.
You have tough skin. (AC +1)


Message History

You feel better. The gnoll barely misses you.
The gnoll shaman hits you with a +0 whip!
* * * LOW HITPOINT WARNING * * *
The gnoll misses you. The gnoll shaman barely misses you.
The gnoll barely misses you.
Things that are here:
a +0 spear; a gnoll corpse The gnoll hits you from afar with a +0 spear.
* * * LOW HITPOINT WARNING * * *
The gnoll shaman closely misses you. The gnoll hits you but does no damage.
You feel better. The gnoll closely misses you.
The gnoll shaman completely misses you.
The gnoll hits you from afar with a +0 spear.
* * * LOW HITPOINT WARNING * * *
It was a potion of haste.
You feel yourself speed up.
The gnoll hits you from afar with a +0 spear!
* * * LOW HITPOINT WARNING * * *
The gnoll shaman barely misses you. The gnoll barely misses you.
The gnoll shaman hits you with a +0 whip!
You die...

.. #.# #.# #.# ######.##
#.# #.......# #.#
#.......###.# #........##.#
#...?.)..##.##########
#...)@....#.##........
######...g...#.#.##.#######
.........g...#........#
.............##.......#
.............##.......#
........#######.......#
........# ##......#
........# #>.....#
........# ########


You could see a gnoll shaman and a gnoll.

Vanquished Creatures
  2 adders
  2 gnolls (D:3)
  An ooze (D:2)
  A dart slug (D:2)
  3 leopard geckos
  5 goblins (D:1)
  3 hobgoblins
  4 jackals (D:2)
  6 kobolds
  A quokka (D:2)
  3 bats (D:1)
  2 frilled lizards
  4 rats
37 creatures vanquished.

Notes
Turn   | Place    | Note
-------+----------+-------------------------------------------
     0 | D:1      | Conn the Ogre Berserker began the quest for the Orb.
     0 | D:1      | Reached XP level 1. HP: 24/24 MP: 1/1
    68 | D:1      | Reached XP level 2. HP: 26/32 MP: 2/2
   614 | D:1      | Reached XP level 3. HP: 31/40 MP: 3/3
   796 | D:2      | Reached ** piety under Trog
  1179 | D:3      | Reached XP level 4. HP: 49/49 MP: 4/4
  1184 | D:3      | Reached skill level 5 in Fighting
  1198 | D:3      | HP: 1/50 [gnoll/+0 spear (9)]
  1198 | D:3      | Mangled by a gnoll shaman

Levels and vault maps discovered:
D:1:      minmay_arrival_cross, layout_rooms
D:2:      layout_basic
D:3:      layout_basic, lemuel_crystal_altar, uniq_ijyb

Skill      XL: |  1  2  3  4 |
---------------+-------------+-----
Dodging        | 3 |  3.4
Fighting       | 5 |  5.0
Axes           | |  3.8

Action                   |  1- 3 |  4- 6 || total
-------------------------+-------+-------++-------
Melee: Hand axe          |    96 |     6 ||   102
Invok: Berserk           |     3 |       ||     3
       Trog's Hand       |     1 |     1 ||     2
  Use: Potion            |       |     4 ||     4
  Eat: Chunk             |     3 |       ||     3
Armor: Animal skin       |    31 |     1 ||    32
Dodge: Dodged            |    53 |    14 ||    67

Table legend:
 A = Non-vault XP
 B = Vault XP
 C = Vault XP percentage of total XP
 D = Non-vault monster count
 E = Vault monster count
 F = Vault count percentage of total count
                 A         B        C        D         E       F
            +---------+---------+-------+---------+---------+-------
      Total |     121 |       0 |   0.0 |      37 |       0 |   0.0
            +---------+---------+-------+---------+---------+-------
        D:1 |      34 |       0 |   0.0 |      20 |       0 |   0.0
        D:2 |      44 |       0 |   0.0 |      13 |       0 |   0.0
        D:3 |      43 |       0 |   0.0 |       4 |       0 |   0.0
            +---------+---------+-------+---------+---------+-------
